AoeStats
← kV0t3

Arabia

506266439Analyzed
1v1 RM · 20d ago on Sep 13, 2026· 47m 17s· 2 players
Game mode
Random Map
Map size
Tiny (2 player)
Population
200
Speed
Normal
Resources
Standard
Victory
Conquest
Starting age
Dark Age
Ending age
Imperial Age
RankedLock teamsTeams togetherTeam positionsShared explorationLock speedFull tech treeHidden civsTurbo modeCheats
Victory
Defeat
🇦🇷 Persians · Argentina
1168
+15
🇨🇱 Ethiopians · Chile
1157
-15
HHHGGG
7:08 Loom
9:33 Feudal Age
10:20 Double-Bit Axe
19:35 Castle Age
18:04 Fletching
19:41 Wheelbarrow
18:49 Horse Collar
19:50 Horse Collar
26:40 Imperial Age
24:59 Bow Saw
25:39 Bodkin Arrow
25:28 Crossbowman
27:38 Bracer
31:22 Chemistry
31:25 Elite Skirmisher
31:42 Arbalester
36:04 Ballistics
36:07 Padded Archer Armor
37:18 Two-Man Saw
36:10 Gold Mining
38:39 Scale Barding Armor
38:44 Forging
38:33 Light Cavalry
41:13 Hussar
45:20 Husbandry
44:41 Hussar
kV0t3
0:25 Loom
9:58 Feudal Age
14:42 Castle Age
13:08 Double-Bit Axe
13:08 Horse Collar
15:18 Bow Saw
18:56 Heavy Plow
21:30 Wheelbarrow
21:46 Gold Mining
21:49 Town Watch
25:09 Hand Cart
25:54 Gold Shaft Mining
25:12 Stone Mining
29:43 Imperial Age
31:01 Chemistry
31:30 Scale Barding Armor
31:35 Forging
35:12 Light Cavalry
37:09 Ballistics
38:30 Guard Tower
39:04 Fletching
39:40 Bloodlines
38:51 Hussar
39:52 Chain Barding Armor
41:36 Iron Casting
44:25 Plate Barding Armor
45:36 Blast Furnace
45:12 Conscription
45:27 Pikeman
45:52 Gambesons
46:08 Scale Mail Armor
46:04 Bodkin Arrow
47:06 Masonry
47:58 Two-Man Saw
47:33 Stone Shaft Mining
47:29 Crop Rotation
47:00 Cavalier
Connection lost

Rejoining the realm…

Still unreachable

The connection could not be restored.

Session expired

The server has moved on; the page needs a fresh start.